[Event "Prague Open 2025"]
[Site "Prague"]
[Date "2025.01.10"]
[Round "1.1"]
[White "Harshavardhan G B"]
[Black "Jakubse, Tamae Severina"]
[Result "1-0"]
[Annotator "RC"]
[ECO "A57"]
[WhiteElo "2405"]
[BlackElo "1921"]
[PlyCount "81"]
[EventDate "2025.01.07"]
[EventType "swiss"]
[EventCountry "CZE"]
[SourceTitle "playchess.com"]
[Source "ChessBase"]
[SourceQuality "1"]
[TimeControl "40/5400+30:1800+30"]

1. d4 Nf6 2. c4 c5 3. d5 b5 4. Nf3 Bb7 5. a4 Qa5+ 6. Bd2 b4 7. Qc2 d6 8. e4 Nbd7 9. g3 g6 10. Bg2 Bg7 11. O-O Qc7 12. h3 a5 13. Be3 O-O-O 14. Nbd2 h6 15. Nh4 Nh7 16. f4 Nhf8 17. Rae1 e6 18. b3 Kb8 19. Nhf3 Bc3 20. Bf2 e5 21. Re2 Bxd2 22. Qxd2 f6 23. h4 Re8 24. Bh3 Qd8 25. Be3 h5 26. Qc2 Bc8 27. Kh2 Rg8 28. Ref2 Nh7 29. Be6 Rg7 30. fxe5 Nxe5 31. Nxe5 fxe5 32. Bf7 Qd7 33. Bh6 Rxf7 34. Rxf7 Re7 35. Rxe7 Qxe7 36. Qf2 Qd7 37. Kg1 Qh3 38. Qe3 Qd7 39. Rf3 g5 40. hxg5 h4 41. g6 1-0

[Event "Prague Open 2025"]
[Site "Prague"]
[Date "2025.01.10"]
[Round "1.2"]
[White "Mrazek, Adam"]
[Black "Senthil Maran K"]
[Result "0-1"]
[Annotator "RC"]
[ECO "A11"]
[WhiteElo "1919"]
[BlackElo "2398"]
[PlyCount "56"]
[EventDate "2025.01.07"]
[EventType "swiss"]
[EventCountry "CZE"]
[SourceTitle "playchess.com"]
[Source "ChessBase"]
[SourceQuality "1"]
[TimeControl "40/5400+30:1800+30"]

1. c4 c6 2. g3 d5 3. Nf3 g6 4. Bg2 Bg7 5. d4 dxc4 6. O-O Nf6 7. Qc2 b5 8. Nbd2 Nd5 9. a3 O-O 10. e4 Nc7 11. b3 c5 12. bxc4 cxd4 13. Rb1 d3 14. Qb3 Be6 15. Ng5 bxc4 16. Nxc4 Nc6 17. Nxe6 Nxe6 18. Be3 Ncd4 19. Qa2 Ne2+ 20. Kh1 Nc3 21. Qd2 Nxb1 22. Rxb1 Rc8 23. Rc1 Nc5 24. Qb4 Bd4 25. Rd1 Bxe3 26. Nxe3 e6 27. e5 h5 28. Nc4 Qd4 0-1

[Event "Prague Open 2025"]
[Site "Prague"]
[Date "2025.01.10"]
[Round "1.3"]
[White "Jain Kashish Manoj"]
[Black "Koper, Stefan"]
[Result "1-0"]
[Annotator "RC"]
[ECO "C11"]
[WhiteElo "2363"]
[BlackElo "1917"]
[PlyCount "59"]
[EventDate "2025.01.07"]
[EventType "swiss"]
[EventCountry "CZE"]
[SourceTitle "playchess.com"]
[Source "ChessBase"]
[SourceQuality "1"]
[TimeControl "40/5400+30:1800+30"]

1. e4 e6 2. d4 d5 3. Nc3 Nf6 4. e5 Nfd7 5. f4 c5 6. Nf3 Nc6 7. Be3 Qb6 8. a3 cxd4 9. Nxd4 Nxd4 10. Bxd4 Bc5 11. Bxc5 Qxc5 12. Qd2 a6 13. O-O-O b5 14. Qd4 Qxd4 15. Rxd4 Rb8 16. Be2 O-O 17. b3 g6 18. Kb2 Kg7 19. g3 h5 20. Ra1 Nc5 21. b4 Na4+ 22. Nxa4 bxa4 23. Rc1 a5 24. Ka2 axb4 25. Rxb4 Bd7 26. Bd3 Rbc8 27. Rcb1 Rc5 28. Rb7 Rd8 29. R1b6 Rc6 30. Rxd7 1-0

[Event "Prague Open 2025"]
[Site "Prague"]
[Date "2025.01.10"]
[Round "1.4"]
[White "Brandl, Michael"]
[Black "Lewtak, Damian"]
[Result "0-1"]
[Annotator "RC"]
[ECO "A10"]
[WhiteElo "1917"]
[BlackElo "2359"]
[PlyCount "60"]
[EventDate "2025.01.07"]
[EventType "swiss"]
[EventCountry "CZE"]
[SourceTitle "playchess.com"]
[Source "ChessBase"]
[SourceQuality "1"]
[TimeControl "40/5400+30:1800+30"]

1. c4 b6 2. Nc3 Bb7 3. e4 e5 4. g3 Nc6 5. Bg2 Bc5 6. Nge2 h5 7. h4 Nf6 8. Nd5 Ng4 9. O-O Nd4 10. Nec3 g5 11. hxg5 c6 12. b4 Bf8 13. Ne3 Qxg5 14. d3 Nxe3 15. Bxe3 Qg6 16. Bxd4 exd4 17. Ne2 h4 18. Qe1 Bg7 19. f4 O-O-O 20. c5 Rdg8 21. Rf3 Qh5 22. e5 f6 23. Nxd4 fxe5 24. fxe5 Bxe5 25. Nf5 Re8 26. Rd1 Bd4+ 27. Nxd4 Rxe1+ 28. Rxe1 bxc5 29. Rf5 Qg6 30. bxc5 Qxg3 0-1

[Event "Prague Open 2025"]
[Site "Prague"]
[Date "2025.01.10"]
[Round "1.5"]
[White "Horak, Martin"]
[Black "Kolar, Dan"]
[Result "1-0"]
[Annotator "RC"]
[ECO "B24"]
[WhiteElo "2357"]
[BlackElo "1915"]
[PlyCount "35"]
[EventDate "2025.01.07"]
[EventType "swiss"]
[EventCountry "CZE"]
[SourceTitle "playchess.com"]
[Source "ChessBase"]
[SourceQuality "1"]
[TimeControl "40/5400+30:1800+30"]

1. e4 c5 2. Nc3 Nc6 3. Bb5 g6 4. Bxc6 dxc6 5. d3 Bg7 6. Be3 b6 7. Qd2 e5 8. f4 exf4 9. Bxf4 Bh6 10. Nf3 Bg7 11. O-O Ne7 12. Bh6 O-O 13. Qf4 Bb7 14. Bxg7 Kxg7 15. Ng5 Qd4+ 16. Kh1 Ng8 17. Qc7 Qd8 18. Ne6+ 1-0

[Event "Prague Open 2025"]
[Site "Prague"]
[Date "2025.01.10"]
[Round "1.6"]
[White "Pang, Kay Yan Eden"]
[Black "Lalic, Bogdan"]
[Result "0-1"]
[Annotator "RC"]
[ECO "E10"]
[WhiteElo "1915"]
[BlackElo "2321"]
[PlyCount "74"]
[EventDate "2025.01.07"]
[EventType "swiss"]
[EventCountry "CZE"]
[SourceTitle "playchess.com"]
[Source "ChessBase"]
[SourceQuality "1"]
[TimeControl "40/5400+30:1800+30"]

1. d4 Nf6 2. c4 e6 3. Nf3 c5 4. g3 cxd4 5. Nxd4 Qc7 6. Bg2 Qxc4 7. O-O Nc6 8. Nxc6 dxc6 9. b3 Qa6 10. Bb2 Be7 11. Nd2 O-O 12. Nc4 Rd8 13. Qc2 Bd7 14. e4 Be8 15. Rfd1 b5 16. Bxf6 gxf6 17. Ne3 Qa3 18. Ng4 h5 19. Ne3 Qc5 20. Qe2 Rxd1+ 21. Rxd1 Rd8 22. Rxd8 Bxd8 23. Bf3 Qe5 24. Qd1 Bb6 25. Ng2 Qb2 26. Qe2 Qa1+ 27. Ne1 Ba5 28. Kf1 h4 29. gxh4 c5 30. Qd1 Qxa2 31. e5 Qd2 32. Qxd2 Bxd2 33. exf6 Bc3 34. Ke2 Bxf6 35. h5 a5 36. Kd3 Bd4 37. Ke2 a4 0-1

[Event "Prague Open 2025"]
[Site "Prague"]
[Date "2025.01.10"]
[Round "1.7"]
[White "Colijn, Stefan"]
[Black "Bartoszczuk, Adam"]
[Result "1-0"]
[Annotator "RC"]
[ECO "A45"]
[WhiteElo "2315"]
[BlackElo "1908"]
[PlyCount "69"]
[EventDate "2025.01.07"]
[EventType "swiss"]
[EventCountry "CZE"]
[SourceTitle "playchess.com"]
[Source "ChessBase"]
[SourceQuality "1"]
[TimeControl "40/5400+30:1800+30"]

1. d4 Nf6 2. Bf4 d5 3. e3 e6 4. Nd2 Bd6 5. Bg3 O-O 6. Bd3 c5 7. c3 Qc7 8. dxc5 Qxc5 9. Ngf3 Nbd7 10. Bxd6 Qxd6 11. O-O Rd8 12. e4 Qc7 13. Qe2 Nc5 14. e5 Nxd3 15. Qxd3 Nd7 16. Rfe1 h6 17. Re3 b6 18. Qd4 Ba6 19. b4 Rac8 20. Rae1 Bc4 21. a3 a5 22. Qg4 axb4 23. axb4 Ra8 24. Nd4 Nf8 25. Rg3 Qxe5 26. N2f3 Qf6 27. h4 Ra2 28. Nc6 Rda8 29. Nce5 Bb5 30. Qh5 Re2 31. Ng4 Rxe1+ 32. Nxe1 Qf4 33. Nxh6+ Kh8 34. Nxf7+ Kg8 35. Rf3 1-0

[Event "Prague Open 2025"]
[Site "Prague"]
[Date "2025.01.10"]
[Round "1.8"]
[White "Ejsymont, Blanka"]
[Black "Marek, Matyas"]
[Result "0-1"]
[Annotator "RC"]
[ECO "B06"]
[WhiteElo "1904"]
[BlackElo "2314"]
[PlyCount "98"]
[EventDate "2025.01.07"]
[EventType "swiss"]
[EventCountry "CZE"]
[SourceTitle "playchess.com"]
[Source "ChessBase"]
[SourceQuality "1"]
[TimeControl "40/5400+30:1800+30"]

1. e4 g6 2. d4 Bg7 3. Be3 d6 4. Nc3 a6 5. Qd2 b5 6. a3 Bb7 7. f3 Nd7 8. O-O-O Rc8 9. d5 c6 10. dxc6 Bxc6 11. Bd4 Bxd4 12. Qxd4 Ngf6 13. g4 Qb6 14. Nge2 Bb7 15. h4 Qxd4 16. Nxd4 Ne5 17. Be2 Nc4 18. h5 Nxa3 19. hxg6 fxg6 20. Bd3 Nc4 21. Kb1 Ne5 22. Rdg1 Nxd3 23. cxd3 e5 24. Nde2 O-O 25. Nd1 d5 26. Ne3 dxe4 27. dxe4 Nxe4 28. fxe4 Bxe4+ 29. Ka2 Bxh1 30. Rxh1 Rf3 31. Nd5 Rc2 32. Nec3 Rff2 33. Nd1 Rh2 34. Rf1 Kg7 35. Kb3 Rc1 36. N5e3 a5 37. Rf3 Rd2 38. Nc3 a4+ 39. Ka2 Rxc3 40. Nf5+ gxf5 41. Rxc3 fxg4 42. Rc5 Kf6 43. Rxb5 g3 44. Rb4 g2 45. Rg4 h5 46. Rg8 h4 47. Ka3 h3 48. Kxa4 h2 49. b4 g1=Q 0-1

[Event "Prague Open 2025"]
[Site "Prague"]
[Date "2025.01.10"]
[Round "1.9"]
[White "Golis, Wiktor"]
[Black "Anissimova, Mariya"]
[Result "1-0"]
[Annotator "RC"]
[ECO "C78"]
[WhiteElo "2314"]
[BlackElo "1893"]
[PlyCount "43"]
[EventDate "2025.01.07"]
[EventType "swiss"]
[EventCountry "CZE"]
[SourceTitle "playchess.com"]
[Source "ChessBase"]
[SourceQuality "1"]
[TimeControl "40/5400+30:1800+30"]

1. e4 e5 2. Nf3 Nc6 3. Bb5 a6 4. Ba4 Nf6 5. O-O b5 6. Bb3 Bc5 7. a4 Rb8 8. axb5 axb5 9. Nxe5 Nxe5 10. d4 Bxd4 11. Qxd4 d6 12. f4 Neg4 13. e5 dxe5 14. Qxd8+ Kxd8 15. h3 Nh6 16. fxe5 Nd7 17. Bg5+ Ke8 18. Bxh6 gxh6 19. Bxf7+ Ke7 20. Nc3 Nxe5 21. Rae1 Kd6 22. Rf6+ 1-0

[Event "Prague Open 2025"]
[Site "Prague"]
[Date "2025.01.10"]
[Round "1.10"]
[White "Kapolka, Juraj"]
[Black "Kulhanek, Tomas"]
[Result "0-1"]
[Annotator "ChessBase"]
[ECO "A05"]
[WhiteElo "1890"]
[BlackElo "2313"]
[PlyCount "110"]
[EventDate "2025.01.07"]
[EventType "swiss"]
[EventCountry "CZE"]
[SourceTitle "playchess.com"]
[Source "ChessBase"]
[SourceQuality "1"]
[TimeControl "40/5400+30:1800+30"]

1. Nf3 Nf6 2. d4 e6 3. Bf4 c5 4. e3 b6 5. c3 Be7 6. Nbd2 O-O 7. Bd3 cxd4 8. exd4 Ba6 9. Bxa6 Nxa6 10. Ne5 Qc8 11. Qe2 d6 12. Nec4 Rd8 13. O-O b5 14. Ne3 Nc7 15. Ng4 Nfd5 16. Qf3 Nxf4 17. Qxf4 Nd5 18. Qg3 Kh8 19. f4 f5 20. Ne3 Nf6 21. Rae1 Re8 22. Re2 a5 23. Rfe1 g6 24. d5 Nh5 25. Qf2 e5 26. g3 Bf6 27. Ng2 Rf8 28. fxe5 dxe5 29. Nf3 f4 30. gxf4 exf4 31. Re4 Qd7 32. Rd1 g5 33. Qe2 g4 34. Ne5 Qa7+ 35. Qf2 Qxf2+ 36. Kxf2 f3 37. Nd7 Rf7 38. Nxf6 fxg2 39. Kxg2 Nxf6 40. Re6 Rd8 41. d6 Kg7 42. Re5 Rb7 43. Rd4 Rdd7 44. Kg3 Rb6 45. Rg5+ Kf7 46. Rf5 Rbxd6 47. Rxd6 Rxd6 48. Rxb5 Kg6 49. Rxa5 Rd3+ 50. Kg2 Ne4 51. Rb5 Rd2+ 52. Kg1 Ng5 53. Rb6+ Kf5 54. Rb5+ Kf4 55. Rb8 Nf3+ 0-1

[Event "Prague Open 2025"]
[Site "Prague"]
[Date "2025.01.10"]
[Round "1.11"]
[White "Radzimski, Antoni"]
[Black "Chubar, Vladimir"]
[Result "1-0"]
[Annotator "RC"]
[ECO "C00"]
[WhiteElo "2289"]
[BlackElo "1880"]
[PlyCount "113"]
[EventDate "2025.01.07"]
[EventType "swiss"]
[EventCountry "CZE"]
[SourceTitle "playchess.com"]
[Source "ChessBase"]
[SourceQuality "1"]
[TimeControl "40/5400+30:1800+30"]

1. e4 e6 2. Qe2 d5 3. exd5 Qxd5 4. Nc3 Qd8 5. Nf3 Nf6 6. d3 Be7 7. Bf4 a6 8. g4 b5 9. g5 Nd5 10. Nxd5 Qxd5 11. Bg2 c6 12. h4 Bb7 13. Rg1 Qf5 14. Be5 Qg6 15. Bxb8 Rxb8 16. Ne5 Qf5 17. Be4 Qxe5 18. Bxc6+ Bxc6 19. Qxe5 O-O 20. h5 Rfd8 21. Qc7 Bd7 22. O-O-O Rbc8 23. Qf4 Be8 24. g6 fxg6 25. hxg6 Bxg6 26. Rxg6 hxg6 27. Qe4 Kf7 28. Re1 Rd6 29. Qf3+ Kg8 30. Qg4 Rdc6 31. c3 Kf7 32. d4 Bf6 33. d5 exd5 34. Qd7+ Kf8 35. Re8+ Rxe8 36. Qxc6 b4 37. cxb4 d4 38. Qxa6 Rd8 39. Qd3 Ke7 40. a4 Kd6 41. Qxg6 Kd5 42. Qd3 Rc8+ 43. Kb1 Rb8 44. b5 Kc5 45. Kc2 Kb4 46. Qb3+ Ka5 47. Qc4 d3+ 48. Qxd3 Rd8 49. Qe4 Rd4 50. Qa8+ Kb4 51. b6 Rf4 52. f3 Rc4+ 53. Kd3 Bxb2 54. b7 Rc3+ 55. Kd2 Bc1+ 56. Kd1 Bf4 57. Qf8+ 1-0

[Event "Prague Open 2025"]
[Site "Prague"]
[Date "2025.01.10"]
[Round "1.12"]
[White "Kisiel, Wiktor"]
[Black "Sokhor, Nazar"]
[Result "0-1"]
[Annotator "RC"]
[ECO "B06"]
[WhiteElo "1871"]
[BlackElo "2265"]
[PlyCount "72"]
[EventDate "2025.01.07"]
[EventType "swiss"]
[EventCountry "CZE"]
[SourceTitle "playchess.com"]
[Source "ChessBase"]
[SourceQuality "1"]
[TimeControl "40/5400+30:1800+30"]

1. e4 g6 2. d4 Bg7 3. Nf3 c6 4. Bd3 d6 5. O-O Nd7 6. c3 e5 7. Nbd2 Ngf6 8. a4 Qe7 9. b3 O-O 10. Ba3 c5 11. Re1 Rd8 12. Nc4 h6 13. Qc2 Nh7 14. Ne3 Ng5 15. Nxg5 Qxg5 16. dxc5 Nxc5 17. Bxc5 dxc5 18. Bc4 Rf8 19. Rad1 Kh8 20. Nd5 Rb8 21. Rd3 b6 22. Rg3 Qh4 23. b4 cxb4 24. cxb4 Bd7 25. Qb3 Rbc8 26. Ne3 Qxe4 27. Bxf7 g5 28. Bd5 Qd4 29. Rd1 Qc3 30. Nf1 Qc2 31. Ne3 Qxf2+ 32. Kh1 e4 33. Bc4 Bxa4 34. Qxa4 Rxc4 35. Qb5 Rc3 36. Rf1 Rxe3 0-1

[Event "Prague Open 2025"]
[Site "Prague"]
[Date "2025.01.10"]
[Round "1.13"]
[White "Pourquet, Matthieu"]
[Black "Wites, Adam"]
[Result "1-0"]
[Annotator "RC"]
[ECO "A14"]
[WhiteElo "2262"]
[BlackElo "1871"]
[PlyCount "91"]
[EventDate "2025.01.07"]
[EventType "swiss"]
[EventCountry "CZE"]
[SourceTitle "playchess.com"]
[Source "ChessBase"]
[SourceQuality "1"]
[TimeControl "40/5400+30:1800+30"]

1. c4 Nf6 2. g3 e6 3. Bg2 d5 4. Nf3 Be7 5. O-O O-O 6. b3 c6 7. Bb2 Nbd7 8. d3 b6 9. e4 Bb7 10. Qe2 Rc8 11. Nc3 Qc7 12. e5 Ne8 13. Rfe1 g6 14. Rac1 Qb8 15. h4 Ng7 16. Bh3 Rfd8 17. Rc2 a6 18. Bc1 b5 19. Bg5 Bxg5 20. hxg5 Qa7 21. cxd5 cxd5 22. d4 Rc6 23. Rec1 Nb6 24. Nd1 Rdc8 25. Ne3 Nf5 26. Bxf5 gxf5 27. Ng2 Rxc2 28. Rxc2 Qb8 29. Nf4 Rxc2 30. Qxc2 Qc8 31. Qd2 Nd7 32. Nh5 Qc7 33. Nf6+ Kh8 34. Qb4 Nxf6 35. gxf6 Qd8 36. Ng5 Kg8 37. Nh3 h6 38. Nf4 Qc7 39. Kg2 Qc2 40. Qe7 Qc8 41. Nd3 Bc6 42. b4 Qd7 43. Qc5 Ba8 44. Qb6 Bb7 45. Nc5 Qc6 46. Qxb7 1-0

[Event "Prague Open 2025"]
[Site "Prague"]
[Date "2025.01.10"]
[Round "1.14"]
[White "Migalko, Dmitriy"]
[Black "Chan, Kim Yew"]
[Result "0-1"]
[Annotator "ChessBase"]
[ECO "B11"]
[WhiteElo "1869"]
[BlackElo "2258"]
[PlyCount "60"]
[EventDate "2025.01.07"]
[EventType "swiss"]
[EventCountry "CZE"]
[SourceTitle "playchess.com"]
[Source "ChessBase"]
[SourceQuality "1"]
[TimeControl "40/5400+30:1800+30"]

1. e4 c6 2. Nf3 d5 3. Nc3 Bg4 4. h3 Bxf3 5. Qxf3 e6 6. Be2 Nd7 7. O-O Ngf6 8. d4 dxe4 9. Nxe4 Nxe4 10. Qxe4 Nf6 11. Qd3 Be7 12. c4 O-O 13. Be3 a5 14. Rfd1 a4 15. Bf3 Qa5 16. g4 Rfd8 17. Qc2 a3 18. b3 Bb4 19. Rac1 Rd7 20. Kg2 Rad8 21. Rh1 c5 22. dxc5 Bd2 23. Bxd2 Rxd2 24. Qb1 Rb2 25. Qa1 Qxc5 26. Rcf1 Rdd2 27. Qe1 Rxa2 28. b4 Qd4 29. Kg3 Rd3 30. Qc1 Ne4+ 0-1

[Event "Prague Open 2025"]
[Site "Prague"]
[Date "2025.01.10"]
[Round "1.15"]
[White "Tolmacevs, Artjoms"]
[Black "Marsina, Stefan"]
[Result "1-0"]
[Annotator "RC"]
[ECO "C14"]
[WhiteElo "2252"]
[BlackElo "1869"]
[PlyCount "51"]
[EventDate "2025.01.07"]
[EventType "swiss"]
[EventCountry "CZE"]
[SourceTitle "playchess.com"]
[Source "ChessBase"]
[SourceQuality "1"]
[TimeControl "40/5400+30:1800+30"]

1. e4 e6 2. d4 d5 3. Nc3 Nf6 4. Bg5 Be7 5. e5 Nfd7 6. Bxe7 Qxe7 7. f4 a6 8. Qg4 f5 9. Qh5+ Qf7 10. Qh3 c5 11. Nf3 cxd4 12. Ne2 Nc5 13. Ng5 Qg6 14. Nxd4 O-O 15. Be2 Ne4 16. Nxe4 fxe4 17. O-O Nc6 18. Rad1 Qe8 19. c4 Bd7 20. Bg4 Nxd4 21. Rxd4 Qe7 22. cxd5 Qc5 23. Qe3 Rad8 24. b4 Qb6 25. Qxe4 Bc8 26. d6 1-0

[Event "Prague Open 2025"]
[Site "Prague"]
[Date "2025.01.10"]
[Round "1.16"]
[White "Kretschmer, Wolfgang"]
[Black "Jaskolka, Tomasz"]
[Result "0-1"]
[Annotator "RC"]
[ECO "A98"]
[WhiteElo "1980"]
[BlackElo "2210"]
[PlyCount "58"]
[EventDate "2025.01.07"]
[EventType "swiss"]
[EventCountry "CZE"]
[SourceTitle "playchess.com"]
[Source "ChessBase"]
[SourceQuality "1"]
[TimeControl "40/5400+30:1800+30"]

1. d4 e6 2. c4 f5 3. g3 Nf6 4. Bg2 Be7 5. Nf3 O-O 6. O-O d6 7. Nc3 Qe8 8. Qc2 Qg6 9. Bf4 Nh5 10. Qd2 Nxf4 11. Qxf4 Qh5 12. Rad1 g5 13. Qe3 g4 14. Ne1 Bg5 15. f4 gxf3 16. Qxf3 Qh6 17. Nd3 Be3+ 18. Nf2 Nc6 19. Nb5 a6 20. Nxc7 Ra7 21. Rd3 Bxd4 22. Qf4 Qxf4 23. gxf4 Bb6 24. Nxe6 Bxe6 25. Rxd6 Bxc4 26. b3 Bxe2 27. Re1 Bh5 28. Rd7 Be8 29. Bxc6 bxc6 0-1

[Event "Prague Open 2025"]
[Site "Prague"]
[Date "2025.01.10"]
[Round "1.17"]
[White "Mueer, Sebastian"]
[Black "Mungal, Ethan"]
[Result "1-0"]
[Annotator "RC"]
[ECO "D31"]
[WhiteElo "2192"]
[BlackElo "1867"]
[PlyCount "67"]
[EventDate "2025.01.07"]
[EventType "swiss"]
[EventCountry "CZE"]
[SourceTitle "playchess.com"]
[Source "ChessBase"]
[SourceQuality "1"]
[TimeControl "40/5400+30:1800+30"]

1. d4 d5 2. c4 e6 3. Nc3 a6 4. cxd5 exd5 5. Bf4 Nf6 6. e3 Be6 7. Bd3 Bd6 8. Nf3 O-O 9. Bg5 Nbd7 10. O-O c6 11. Re1 h6 12. Bf4 Qc7 13. Qd2 Rfe8 14. h3 Nh5 15. Bxd6 Qxd6 16. b4 Nhf6 17. Rab1 Ne4 18. Bxe4 dxe4 19. Nxe4 Qd5 20. Nc3 Qh5 21. Ne2 Qd5 22. a4 Bf5 23. Nc3 Qd6 24. e4 Bh7 25. Rb2 Nb6 26. Qd3 Nd5 27. Ne5 Nxb4 28. Qc4 a5 29. Qxf7+ Kh8 30. Qxe8+ Rxe8 31. Nf7+ Kg8 32. Nxd6 Re6 33. Nxb7 Nd3 34. Nc5 1-0

[Event "Prague Open 2025"]
[Site "Prague"]
[Date "2025.01.10"]
[Round "1.18"]
[White "Loibl, Johann"]
[Black "Moser, Axel"]
[Result "0-1"]
[Annotator "RC"]
[ECO "B10"]
[WhiteElo "1866"]
[BlackElo "2160"]
[PlyCount "40"]
[EventDate "2025.01.07"]
[EventType "swiss"]
[EventCountry "CZE"]
[SourceTitle "playchess.com"]
[Source "ChessBase"]
[SourceQuality "1"]
[TimeControl "40/5400+30:1800+30"]

1. e4 c6 2. c4 d5 3. exd5 cxd5 4. cxd5 Nf6 5. Bb5+ Nbd7 6. Nc3 a6 7. Qa4 g6 8. Nf3 Bg7 9. O-O O-O 10. Be2 b5 11. Qh4 Nb6 12. a4 bxa4 13. Nxa4 Nbxd5 14. Nc3 Bb7 15. d4 Qd6 16. Bh6 Bxh6 17. Qxh6 Nf4 18. Nh4 Nxe2+ 19. Nxe2 Ng4 20. Qf4 Qxf4 0-1

[Event "Prague Open 2025"]
[Site "Prague"]
[Date "2025.01.10"]
[Round "1.19"]
[White "Mannion, Stephen R"]
[Black "Kopacki, Aleksander"]
[Result "1-0"]
[Annotator "RC"]
[ECO "B63"]
[WhiteElo "2159"]
[BlackElo "1862"]
[PlyCount "77"]
[EventDate "2025.01.07"]
[EventType "swiss"]
[EventCountry "CZE"]
[SourceTitle "playchess.com"]
[Source "ChessBase"]
[SourceQuality "1"]
[TimeControl "40/5400+30:1800+30"]

1. e4 c5 2. Nf3 d6 3. d4 cxd4 4. Nxd4 Nf6 5. Nc3 Nc6 6. Bg5 e6 7. Qd2 Be7 8. O-O-O a6 9. f3 Qc7 10. Kb1 Bd7 11. Nxc6 Bxc6 12. h4 b5 13. Ne2 Rd8 14. Nd4 Bd7 15. g4 h5 16. gxh5 Rxh5 17. Bd3 Ng8 18. c3 Qc5 19. Rhg1 g6 20. Bc2 Bc8 21. a4 Bd7 22. axb5 axb5 23. Nb3 Qc7 24. f4 Ra8 25. f5 Bxg5 26. hxg5 gxf5 27. exf5 Ne7 28. g6 exf5 29. g7 Ng8 30. Qe2+ Be6 31. Qxh5 Qa7 32. Rge1 Kd7 33. Rxe6 fxe6 34. Qf7+ Ne7 35. Re1 e5 36. Bxf5+ Kc6 37. Be4+ d5 38. Qe6+ Kc7 39. Qxe7+ 1-0

[Event "Prague Open 2025"]
[Site "Prague"]
[Date "2025.01.10"]
[Round "1.20"]
[White "Mikhno, Artem"]
[Black "Fizer, Marek"]
[Result "0-1"]
[Annotator "RC"]
[ECO "D20"]
[WhiteElo "1861"]
[BlackElo "2155"]
[PlyCount "76"]
[EventDate "2025.01.07"]
[EventType "swiss"]
[EventCountry "CZE"]
[SourceTitle "playchess.com"]
[Source "ChessBase"]
[SourceQuality "1"]
[TimeControl "40/5400+30:1800+30"]

1. d4 d5 2. c4 dxc4 3. e3 Nf6 4. Bxc4 e6 5. Nc3 c5 6. Nf3 Nc6 7. O-O Be7 8. dxc5 Bxc5 9. Qxd8+ Kxd8 10. Rd1+ Ke7 11. a3 a6 12. b4 Bd6 13. Bb2 b5 14. Bb3 Bb7 15. Kf1 Rac8 16. Ne2 a5 17. Nfd4 Nxd4 18. Nxd4 Bxh2 19. bxa5 h5 20. Nxb5 h4 21. a4 Ng4 22. Rd4 Be5 23. Rxg4 Bxb2 24. Rb1 Be5 25. Ke2 f5 26. Rg6 Bf6 27. g4 Be4 28. Rd1 f4 29. Rxf6 Kxf6 30. Nd6 Bg2 31. g5+ Kg6 32. Bxe6 f3+ 33. Kd3 Rc6 34. Ke4 h3 35. Bf5+ Kh5 36. Bxh3 Bxh3 37. Rh1 Kg6 38. Kd5 Ra6 0-1

[Event "Prague Open 2025"]
[Site "Prague"]
[Date "2025.01.10"]
[Round "1.21"]
[White "Adrian, Claude"]
[Black "Policar, Martin"]
[Result "1-0"]
[Annotator "RC"]
[ECO "A16"]
[WhiteElo "2151"]
[BlackElo "1861"]
[PlyCount "53"]
[EventDate "2025.01.07"]
[EventType "swiss"]
[EventCountry "CZE"]
[SourceTitle "playchess.com"]
[Source "ChessBase"]
[SourceQuality "1"]
[TimeControl "40/5400+30:1800+30"]

1. c4 Nf6 2. Nc3 d5 3. cxd5 Nxd5 4. g3 g6 5. Bg2 Nxc3 6. bxc3 Bg7 7. Rb1 Nd7 8. h4 h5 9. Nh3 c6 10. O-O O-O 11. Ng5 Nb6 12. a4 Bf5 13. e4 Bg4 14. f3 Bc8 15. Qc2 Qd6 16. Kh2 Nc4 17. Qa2 Na5 18. d4 b6 19. f4 Ba6 20. e5 Qc7 21. f5 gxf5 22. Rxf5 Bd3 23. Rxf7 Bc4 24. Rxf8+ Rxf8 25. Qc2 Rd8 26. Qh7+ Kf8 27. Ba3 1-0

[Event "Prague Open 2025"]
[Site "Prague"]
[Date "2025.01.11"]
[Round "2.1"]
[White "Wilks, Simon"]
[Black "Harshavardhan G B"]
[Result "0-1"]
[Annotator "RC"]
[ECO "C74"]
[WhiteElo "2069"]
[BlackElo "2405"]
[PlyCount "92"]
[EventDate "2025.01.07"]
[EventType "swiss"]
[EventCountry "CZE"]
[SourceTitle "playchess.com"]
[Source "ChessBase"]
[SourceQuality "1"]
[TimeControl "40/5400+30:1800+30"]

1. e4 e5 2. Nf3 Nc6 3. Bb5 a6 4. Ba4 d6 5. c3 f5 6. d4 fxe4 7. Ng5 exd4 8. Nxe4 Nf6 9. Bg5 Be7 10. Bxc6+ bxc6 11. Qxd4 c5 12. Qd3 Rb8 13. O-O O-O 14. Nbd2 Nxe4 15. Nxe4 Rxb2 16. Rae1 Bxg5 17. Qd5+ Kh8 18. Nxg5 Qf6 19. Ne4 Qf5 20. Qd3 Bb7 21. f3 Qd5 22. Qe3 Qxa2 23. Qg5 h6 24. Qg3 Qf7 25. Nf2 Kh7 26. Re3 Re8 27. Ng4 Rxe3 28. Nxe3 Qg6 29. Qf4 Qg5 30. Qxg5 hxg5 31. Re1 Kg6 32. h3 Kf7 33. Kh2 Bc6 34. Kg3 a5 35. Kg4 Kf6 36. Kh5 Be8+ 37. Kg4 Bf7 38. h4 Be6+ 39. Kg3 gxh4+ 40. Kxh4 a4 41. f4 g6 42. g4 a3 43. f5 g5+ 44. Kg3 Bf7 45. c4 a2 46. Ra1 c6 0-1

[Event "Prague Open 2025"]
[Site "Prague"]
[Date "2025.01.11"]
[Round "2.2"]
[White "Senthil Maran K"]
[Black "Bezeyko, Olexander"]
[Result "1-0"]
[Annotator "RC"]
[ECO "A06"]
[WhiteElo "2398"]
[BlackElo "2050"]
[PlyCount "93"]
[EventDate "2025.01.07"]
[EventType "swiss"]
[EventCountry "CZE"]
[SourceTitle "playchess.com"]
[Source "ChessBase"]
[SourceQuality "1"]
[TimeControl "40/5400+30:1800+30"]

1. Nf3 d5 2. g3 Nf6 3. Bg2 e6 4. d4 c5 5. O-O Nc6 6. c4 dxc4 7. Ne5 Bd7 8. Nxc6 Bxc6 9. Bxc6+ bxc6 10. Qa4 cxd4 11. Qxc6+ Nd7 12. Qxc4 e5 13. e3 Rc8 14. Qe2 Bc5 15. exd4 Bxd4 16. Be3 Bxe3 17. Qxe3 Qb6 18. Nc3 Qxe3 19. fxe3 Ke7 20. Rac1 Nb6 21. Nb5 a5 22. Na7 Rxc1 23. Rxc1 Ra8 24. Rc7+ Nd7 25. Nc8+ Ke6 26. e4 Ra6 27. Kf2 Nb8 28. Re7+ Kf6 29. Rb7 Nc6 30. Nb6 Ra7 31. Nd5+ Ke6 32. Rb5 f5 33. Ke3 g6 34. a4 Kd6 35. Nb6 Ra6 36. Nc4+ Ke6 37. Rd5 Kf6 38. Rd6+ Ke7 39. Rd5 Kf6 40. h4 Nb4 41. Rxa5 Rc6 42. Nxe5 Re6 43. Nd7+ Ke7 44. Nc5 Re5 45. Rb5 Nc2+ 46. Kf4 Kd6 47. Nb7+ 1-0